 Dungeon Crawl Stone Soup version 0.31.0-9-g3a7656b989 (webtiles) character file.

Game seed: 13909147878875081738

114 GenialerGandalf the Trooper (level 4, -1/41 HPs)
             Began as a Hill Orc Fighter on Jan 31, 2024.
             Succumbed to an adder's poison
             ... on level 3 of the Dungeon.
             The game lasted 00:04:40 (1969 turns).

GenialerGandalf the Trooper (Hill Orc Fighter)      Turns: 1969, Time: 00:04:40

Health: -1/41      AC:  6    Str: 20    XL:     4   Next: 97%
Magic:  4/4        EV:  9    Int:  8    God:
Gold:   150        SH:  4    Dex: 10    Spells: 3/3 levels left

rFire   . . .        a - +0 war axe
rCold   . . .        c - +0 buckler
rNeg    . . .        b - +0 scale mail
rPois   .            (no helmet)
rElec   .            (no cloak)
rCorr   .            (no gloves)
SInv    .            (no boots)
Will    .....        (no amulet) Stlth
                     (no ring)
HPRegen 0.26/turn    (no ring)
MPRegen 0.09/turn

%: no passive effects
@: lethally poisoned (-1 -> -13)
A: hooves 1, iridescent scales 1, deformed body, MP-powered wands
a: no special abilities


You were on level 3 of the Dungeon.
You visited 1 branch of the dungeon, and saw 3 of its levels.

You collected 150 gold pieces.

Inventory:

Hand Weapons
 a - a +0 war axe (weapon)
Armour
 b - a +0 scale mail (worn)
 c - a +0 buckler (worn)
Jewellery
 i - an amulet of guardian spirit
Wands
 j - a wand of flame (10)
 q - a wand of paralysis (13)
Scrolls
 e - a scroll of torment {unknown}
 f - 2 scrolls of immolation {unknown}
 g - a scroll of vulnerability
 h - 2 scrolls of poison
 k - 2 scrolls of teleportation
 l - a scroll of fear {unknown}
 m - 2 scrolls of blinking {unknown}
 n - 2 scrolls of brand weapon {unknown}
Potions
 d - a potion of might
 o - 2 potions of attraction


   Skills:
 * Level 4.5 Fighting
 * Level 4.4 Axes
 * Level 4.2 Armour
 * Level 3.8 Shields


You had 3 spell levels left.
You didn't know any spells.
Your spell library was empty.

Dungeon Overview and Level Annotations

Branches:
Dungeon (3/15)

Altars:
Ashenzari
Qazlal
Vehumet
The Shining One


Innate Abilities, Weirdness & Mutations

You have large cloven feet.
You are partially covered in iridescent scales. (AC +2)
Armour fits poorly on your strangely shaped body.
You expend magic power (3 MP) to strengthen your wands.


Message History

You kill the adder!
You feel sick. You block the adder's attack.
The adder bites you but does no damage.
You miss the adder.
You feel sick. The adder barely misses you.
You closely miss the adder.
You feel sick. The adder misses you. You block the adder's attack.
You slash the adder!
The adder is severely wounded.
You feel sick. You block the adder's attack.
You closely miss the adder.
The adder is severely wounded.
You feel sick. The adder bites you.
* * * LOW HITPOINT WARNING * * *
The adder bites you but does no damage.
You closely miss the adder.
The adder is severely wounded.
You feel sick.
You are no longer poisoned.
The adder bites you but does no damage. You block the adder's attack.
You miss the adder.
The adder is severely wounded.
The adder bites you but does no damage.
You barely miss the adder.
The adder is severely wounded.
The adder bites you but does no damage. The adder closely misses you.
You miss the adder.
The adder is severely wounded.
The adder bites you.
* * * LOW HITPOINT WARNING * * *
You are lethally poisoned!
The adder poisons you! The adder bites you.
* * * LOW HITPOINT WARNING * * *
You are more poisoned.
The adder poisons you!
It was a potion of mutation.
You feel extremely strange.
You feel your magical essence link to the dungeon's wands.
Your body twists and deforms.
Iridescent scales grow over part of your body.
Your feet thicken and deform.
You die...

....(.# ##...# #..###.....
#......##...##.##....###+##
#......#...#.. #.##'##..##
#........##.# #.......###
##.......#..###.......###
##.....##... #......>.(.
##....#..## #.....#####
##..##†..# #.........#
##.†@S# #.........# ######
#)........# #.#######.. #.#
#.. ############'### #..
.................#####..
.........................
.........................
.........................


You could see an adder.

Vanquished Creatures
  5 adders
  A dart slug (D:1)
  2 ribbon worms
  3 ball pythons
  7 bats
  7 endoplasms
  3 giant cockroaches
  5 goblins
  8 hobgoblins
  4 quokkas
  7 frilled lizards
  2 kobolds (D:1)
  5 rats
59 creatures vanquished.

Notes
Turn   | Place    | Note
-------+----------+-------------------------------------------
     0 | D:1      | GenialerGandalf the Hill Orc Fighter began the quest for
                  | the Orb.
     0 | D:1      | Reached XP level 1. HP: 19/19 MP: 1/1
    83 | D:1      | Reached XP level 2. HP: 27/27 MP: 2/2
   470 | D:1      | Reached XP level 3. HP: 33/33 MP: 3/3
   649 | D:1      | Found a faded altar of an unknown god.
  1121 | D:2      | Reached XP level 4. HP: 35/41 MP: 4/4
  1423 | D:2      | Found a radiant altar of Vehumet.
  1712 | D:3      | Found a broken altar of Ashenzari.
  1819 | D:3      | Found a glowing golden altar of the Shining One.
  1836 | D:3      | Found a stormy altar of Qazlal.
  1968 | D:3      | HP: 2/41 [adder (1)]
  1969 | D:3      | Gained mutation: You expend magic power (3 MP) to
                  | strengthen your wands. [potion of mutation]
  1969 | D:3      | Gained mutation: Armour fits poorly on your strangely
                  | shaped body. [potion of mutation]
  1969 | D:3      | Gained mutation: You are partially covered in iridescent
                  | scales. (AC +2) [potion of mutation]
  1969 | D:3      | Gained mutation: You have large cloven feet. [potion of
                  | mutation]
  1969 | D:3      | Succumbed to an adder's poison

Illustrated notes

Levels and vault maps discovered:
D:1:      elethiomel_arrival_shortcut, layout_basic,
          hellmonk_ecumenical_altar_leap_of_faith
D:2:      layout_loops_ring, basic_altar
D:3:      minmay_razor_zed, layout_basic, mainiacjoe_overflow_catwalk,
          grunt_qazlal_clouds, lemuel_crystal_altar

Skill      XL: |  1  2  3  4 |
---------------+-------------+-----
Fighting       | 4 |  4.5
Axes           | 3 4 |  4.4
Armour         | 4 |  4.2
Shields        | |  3.8

Action                     |  1- 3 |  4- 6 || total
---------------------------+-------+-------++-------
  Melee: War axe           |    89 |    83 ||   172
    Use: Scroll            |       |     4 ||     4
         Potion            |       |     1 ||     1
 Armour: Scale mail        |    71 |    77 ||   148
  Dodge: Dodged            |    50 |    43 ||    93
  Block: Buckler           |    24 |    32 ||    56
